[ AOE2 MATCH · #507183463 ]
UnrankedTupi vs Mapuche
Player's team · WIN
Rival team · LOSS
[ REPLAY ANALYSIS · EXTRACTED FROM THE RECORDED GAME ]
Feudal
11:16
Castle
—
Imperial
—
| APM avg | 90.6 |
| APM peak | 155 |
| eAPM avg | 35.3 |
| Villagers / military | 55 / 0 |
Focus
⚔️ 49.6% · 🌾 50.4%
Unknown (2550) ×20
Feudal
9:40
Castle
—
Imperial
—
| APM avg | 49.9 |
| APM peak | 73 |
| eAPM avg | 21.0 |
| Villagers / military | 43 / 12 |
Focus
⚔️ 17.3% · 🌾 82.7%
Skirmisher ×12
Match map
Initial resources + every placement click. Lines = walls · curves = elevation contours. ◆ gold · ⬟ stone · ● berries · ✦ relic · ◌ wall gap
Your base· Open — unwalled flank
3D!Scatter's base· Open — unwalled flank
Smoothed initial terrain · ◌ = detected wall gap · hover for details
Inputs per minute
— SVTT | Альпинист - - 3D!Scatter
Build order — SVTT | Альпинист
135 actions detected in the replay
| 0:00 | Queue | Villager (Male) |
| 0:01 | Queue | Villager (Male) |
| 0:02 | Build | House |
| 0:02 | Queue | Villager (Male) |
| 0:03 | Build | House |
| 0:05 | Queue | Villager (Male) |
| 0:12 | Build | Barracks |
| 1:01 | Research | Loom |
| 1:01 | Research | Loom |
| 1:02 | Queue | Villager (Male) |
| 1:22 | Queue | Villager (Male) |
| 1:22 | Queue | Villager (Male) |
| 1:23 | Research | Loom |
| 1:45 | Queue | Unit 2550 |
| 1:45 | Queue | Unit 2550 |
| 2:19 | Queue | Villager (Male) |
| 2:34 | Queue | Unit 2550 |
| 2:51 | Queue | Villager (Male) |
| 2:51 | Queue | Villager (Male) |
| 3:13 | Queue | Villager (Male) |
| 3:13 | Queue | Villager (Male) |
| 3:38 | Queue | Villager (Male) |
| 3:38 | Queue | Villager (Male) |
| 3:50 | Build | House |
| 4:00 | Queue | Villager (Male) |
| 4:31 | Queue | Villager (Male) |
| 4:38 | Queue | Villager (Male) |
| 4:38 | Queue | Villager (Male) |
| 5:01 | Queue | Villager (Male) |
| 5:02 | Queue | Villager (Male) |
| 5:02 | Queue | Villager (Male) |
| 5:06 | Build | House |
| 5:20 | Build | Outpost |
| 5:25 | Queue | Villager (Male) |
| 5:25 | Queue | Villager (Male) |
| 5:28 | Queue | Unit 2550 |
| 6:12 | Queue | Villager (Male) |
| 6:12 | Queue | Villager (Male) |
| 6:18 | Build | Settlement |
| 6:31 | Queue | Villager (Male) |
| 7:09 | Queue | Villager (Male) |
| 7:11 | Build | House |
| 7:33 | Build | Outpost |
| 7:34 | Queue | Villager (Male) |
| 8:00 | Queue | Villager (Male) |
| 9:06 | Research | Feudal Age |
| 9:23 | Build | Settlement |
| 9:55 | Build | Settlement |
| 9:58 | Build | Settlement |
| 10:48 | Queue | Villager (Male) |
| 11:16 | Age | Feudal Age |
| 11:20 | Build | Watch Tower |
| 11:20 | Queue | Villager (Male) |
| 11:40 | Research | Tech 1402 |
| 11:59 | Build | Watch Tower |
| 12:01 | Queue | Villager (Male) |
| 12:01 | Queue | Villager (Male) |
| 12:19 | Build | Settlement |
| 12:42 | Build | Watch Tower |
| 12:48 | Queue | Villager (Male) |
| 12:49 | Queue | Villager (Male) |
| 13:25 | Queue | Villager (Male) |
| 13:38 | Queue | Unit 2550 |
| 13:39 | Queue | Unit 2550 |
| 13:52 | Build | Farm |
| 13:52 | Build | Farm |
| 13:52 | Build | Farm |
| 13:52 | Build | Farm |
| 14:09 | Build | Watch Tower |
| 14:13 | Queue | Villager (Male) |
| 14:13 | Queue | Villager (Male) |
| 14:39 | Build | Palisade Wall |
| 14:39 | Build | Palisade Wall |
| 14:40 | Build | Palisade Wall |
| 14:40 | Build | Palisade Wall |
| 14:40 | Build | Palisade Wall |
| 14:40 | Build | Palisade Wall |
| 14:41 | Build | Palisade Wall |
| 14:41 | Build | Palisade Wall |
| 14:42 | Build | Palisade Wall |
| 14:45 | Build | Palisade Wall |
| 14:46 | Build | Palisade Wall |
| 14:46 | Build | Palisade Wall |
| 14:47 | Build | Palisade Wall |
| 14:51 | Queue | Villager (Male) |
| 14:52 | Queue | Villager (Male) |
| 14:53 | Queue | Unit 2550 |
| 15:31 | Build | Watch Tower |
| 15:33 | Queue | Villager (Male) |
| 15:33 | Queue | Unit 2550 |
| 15:33 | Queue | Unit 2550 |
| 16:11 | Queue | Villager (Male) |
| 16:12 | Queue | Unit 2550 |
| 16:12 | Queue | Unit 2550 |
| 16:31 | Queue | Unit 2550 |
| 16:31 | Queue | Unit 2550 |
| 16:48 | Queue | Unit 2550 |
| 16:49 | Queue | Unit 2550 |
| 16:52 | Queue | Unit 2550 |
| 16:52 | Queue | Unit 2550 |
| 17:13 | Queue | Unit 2550 |
| 17:13 | Queue | Unit 2550 |
| 17:17 | Queue | Villager (Male) |
| 17:17 | Queue | Villager (Male) |
| 17:42 | Build | Watch Tower |
| 17:46 | Build | Watch Tower |
| 17:46 | Queue | Villager (Male) |
| 17:51 | Queue | Villager (Male) |
| 17:54 | Build | Market |
| 17:55 | Queue | Villager (Male) |
| 18:16 | Build | Watch Tower |
| 18:16 | Queue | Villager (Male) |
| 18:43 | Queue | Villager (Male) |
| 18:50 | Build | Blacksmith |
| 19:23 | Queue | Villager (Male) |
| 19:40 | Research | Fletching |
| 19:45 | Build | House |
| 19:50 | Queue | Villager (Male) |
| 20:07 | Queue | Villager (Male) |
| 20:30 | Build | Farm |
| 20:31 | Build | Farm |
| 20:31 | Build | Farm |
| 20:31 | Build | Farm |
| 20:57 | Queue | Unit 2550 |
| 21:09 | Build | Watch Tower |
| 21:12 | Queue | Villager (Male) |
| 21:12 | Queue | Villager (Male) |
| 21:15 | Build | Farm |
| 21:17 | Build | Farm |
| 21:17 | Build | Farm |
| 21:18 | Build | Farm |
| 21:41 | Queue | Villager (Male) |
| 21:46 | Build | Farm |
| 21:59 | Build | Watch Tower |
| 22:04 | Research | Horse Collar |
Build order — 3D!Scatter
118 actions detected in the replay
| 0:00 | Queue | Villager (Male) |
| 0:00 | Queue | Villager (Male) |
| 0:01 | Queue | Villager (Male) |
| 0:02 | Build | House |
| 0:03 | Build | House |
| 0:12 | Queue | Villager (Male) |
| 1:25 | Queue | Villager (Male) |
| 1:47 | Build | Settlement |
| 1:56 | Queue | Villager (Male) |
| 2:27 | Queue | Villager (Male) |
| 2:53 | Queue | Villager (Male) |
| 3:18 | Queue | Villager (Male) |
| 3:19 | Queue | Villager (Male) |
| 3:53 | Queue | Villager (Male) |
| 3:53 | Queue | Villager (Male) |
| 4:14 | Build | Palisade Wall |
| 4:15 | Build | Palisade Wall |
| 4:17 | Build | Palisade Wall |
| 4:54 | Queue | Villager (Male) |
| 5:21 | Queue | Villager (Male) |
| 5:44 | Queue | Villager (Male) |
| 6:07 | Queue | Villager (Male) |
| 6:18 | Build | Settlement |
| 6:30 | Build | Palisade Wall |
| 6:36 | Queue | Villager (Male) |
| 6:54 | Build | House |
| 6:59 | Research | Loom |
| 7:20 | Research | Feudal Age |
| 8:21 | Build | Settlement |
| 8:27 | Queue | Villager (Male) |
| 9:27 | Build | Farm |
| 9:29 | Build | Farm |
| 9:32 | Build | Farm |
| 9:34 | Queue | Villager (Male) |
| 9:40 | Age | Feudal Age |
| 9:45 | Research | Double-Bit Axe |
| 9:46 | Queue | Skirmisher |
| 9:46 | Queue | Skirmisher |
| 9:55 | Build | House |
| 10:13 | Build | House |
| 10:16 | Build | House |
| 10:22 | Queue | Villager (Male) |
| 10:26 | Research | Horse Collar |
| 10:56 | Build | Palisade Wall |
| 10:57 | Build | House |
| 10:58 | Queue | Villager (Male) |
| 11:04 | Queue | Villager (Male) |
| 11:11 | Build | Farm |
| 11:15 | Build | House |
| 11:16 | Build | House |
| 11:26 | Queue | Villager (Male) |
| 11:27 | Queue | Skirmisher |
| 11:27 | Queue | Skirmisher |
| 11:54 | Queue | Villager (Male) |
| 11:59 | Build | House |
| 12:01 | Build | House |
| 12:03 | Queue | Skirmisher |
| 12:03 | Queue | Skirmisher |
| 12:27 | Queue | Villager (Male) |
| 12:30 | Build | House |
| 12:31 | Build | House |
| 12:41 | Queue | Skirmisher |
| 12:45 | Build | Farm |
| 13:38 | Queue | Villager (Male) |
| 13:57 | Queue | Villager (Male) |
| 13:59 | Build | Farm |
| 14:12 | Build | Farm |
| 14:13 | Build | Farm |
| 14:19 | Build | Blacksmith |
| 14:30 | Queue | Villager (Male) |
| 14:50 | Build | Settlement |
| 14:51 | Build | Farm |
| 14:51 | Build | Farm |
| 14:51 | Build | Farm |
| 14:51 | Build | Farm |
| 14:59 | Build | Farm |
| 15:01 | Build | Farm |
| 15:20 | Build | Farm |
| 15:21 | Queue | Villager (Male) |
| 16:30 | Queue | Villager (Male) |
| 16:37 | Queue | Villager (Male) |
| 17:06 | Queue | Villager (Male) |
| 17:26 | Queue | Villager (Male) |
| 17:42 | Queue | Villager (Male) |
| 17:55 | Build | Watch Tower |
| 18:02 | Build | Farm |
| 18:16 | Build | Watch Tower |
| 18:20 | Research | Fletching |
| 18:27 | Build | Farm |
| 18:31 | Queue | Villager (Male) |
| 18:51 | Queue | Villager (Male) |
| 19:06 | Queue | Villager (Male) |
| 19:21 | Queue | Skirmisher |
| 19:21 | Queue | Skirmisher |
| 19:21 | Queue | Skirmisher |
| 19:42 | Build | Settlement |
| 19:45 | Queue | Villager (Male) |
| 20:02 | Build | House |
| 20:03 | Build | Palisade Wall |
| 20:17 | Queue | Villager (Male) |
| 20:26 | Queue | Villager (Male) |
| 20:29 | Build | House |
| 20:30 | Build | House |
| 20:31 | Build | House |
| 20:31 | Build | House |
| 20:39 | Build | House |
| 20:51 | Build | Palisade Wall |
| 20:58 | Queue | Villager (Male) |
| 21:12 | Queue | Villager (Male) |
| 21:14 | Queue | Skirmisher |
| 21:15 | Queue | Skirmisher |
| 21:40 | Build | Settlement |
| 21:42 | Build | Farm |
| 21:42 | Build | Farm |
| 21:42 | Build | Farm |
| 21:42 | Build | Farm |
| 21:43 | Build | Farm |
| 21:52 | Queue | Villager (Male) |
Match timeline
| 0:12 | SVTT | Альпинист · first_building Barracks |
| 4:14 | 3D!Scatter · wall_segment Palisade Wall x1 |
| 4:15 | 3D!Scatter · wall_segment Palisade Wall x1 |
| 4:17 | 3D!Scatter · wall_segment Palisade Wall x1 |
| 6:30 | 3D!Scatter · wall_segment Palisade Wall x1 |
| 9:40 | 3D!Scatter · age_up feudal |
| 10:56 | 3D!Scatter · wall_segment Palisade Wall x1 |
| 11:16 | SVTT | Альпинист · age_up feudal |
| 14:39 | SVTT | Альпинист · wall_segment Palisade Wall x2 |
| 14:39 | SVTT | Альпинист · wall_segment Palisade Wall x2 |
| 14:40 | SVTT | Альпинист · wall_segment Palisade Wall x1 |
| 14:40 | SVTT | Альпинист · wall_segment Palisade Wall x1 |
| 14:40 | SVTT | Альпинист · wall_segment Palisade Wall x2 |
| 14:40 | SVTT | Альпинист · wall_segment Palisade Wall x1 |
| 14:41 | SVTT | Альпинист · wall_segment Palisade Wall x1 |
| 14:41 | SVTT | Альпинист · wall_segment Palisade Wall x1 |
| 14:42 | SVTT | Альпинист · wall_segment Palisade Wall x1 |
| 14:45 | SVTT | Альпинист · wall_segment Palisade Wall x1 |
| 14:46 | SVTT | Альпинист · wall_segment Palisade Wall x1 |
| 14:46 | SVTT | Альпинист · wall_segment Palisade Wall x1 |
| 14:47 | SVTT | Альпинист · wall_segment Palisade Wall x1 |
| 19:26 | SVTT | Альпинист · first_market_buy 100 food |
| 20:03 | 3D!Scatter · wall_segment Palisade Wall x1 |
| 20:51 | 3D!Scatter · wall_segment Palisade Wall x1 |
| 22:04 | 3D!Scatter · resign |
[ AI ANALYSIS · 1 CREDIT ]
What really happened in this match?
Wolo.gg analyzes every decision: build order, eco, micro, common mistakes by bracket. Personalized analysis on WhatsApp or Discord in 30 seconds.
Civ guide
Tupi
Perfil
Jugador #6375678